 Dungeon Crawl Stone Soup version 0.31-a0-986-g5e6e4ef867 (webtiles) character file.

Game seed: 10605616369079587813

161 LeprechaunX the Changeling (level 5, -5/35 HPs)
             Began as an Octopode Shapeshifter on Nov 22, 2023.
             Slain by an ice beast (9 damage)
             ... on level 3 of the Dungeon.
             The game lasted 00:01:31 (2108 turns).

LeprechaunX the Changeling (Octopode Shapeshifter)  Turns: 2108, Time: 00:01:31

Health: -5/35      AC:  1    Str: 13    XL:     5   Next: 42%
Magic:  5/5        EV: 13    Int: 13    God:
Gold:   110        SH:  0    Dex: 13    Spells: 4/4 levels left

rFire   . .          .
                       - Unarmed
rCold   . . .        (no shield)
rNeg    . . .        (helmet currently unavailable)
rPois   .            (no amulet)
rElec   .            (no ring)
rCorr   .            (no ring)
SInv    .            (no ring)
Will    .....        (no ring)
Stlth   ++           (no ring)
HPRegen 0.25/turn    (no ring)
MPRegen 0.09/turn    (no ring)
                     (no ring)

%: no passive effects
@: beast-form
A: beast (slay +2), almost no armour, amphibious, 8 rings, camouflage 1,
gelatinous body 1, (nimble swimmer 1), tentacles
a: Begin Untransformation


You were on level 3 of the Dungeon.
You were a hulking beast.
You visited 1 branch of the dungeon, and saw 3 of its levels.

You collected 110 gold pieces.

Inventory:

Jewellery
 n - a ring of protection from fire
Talismans
 b - a beast talisman
 c - a flux talisman
Scrolls
 e - a scroll of amnesia {unknown}
 i - 2 scrolls of vulnerability {unknown}
 j - 2 scrolls of enchant armour {unknown}
 l - a scroll of fear {unknown}
 m - a scroll of blinking {unknown}
 o - a scroll of revelation {unknown}
Potions
 a - a potion of lignification
 d - a potion of degeneration {unknown}
 f - 2 potions of brilliance {unknown}
 g - a potion of magic {unknown}
 h - 3 potions of curing {unknown}
 k - a potion of invisibility {unknown}


   Skills:
 + Level 2.6 Fighting
 - Level 2.0 Dodging
 + Level 3.9 Unarmed Combat
 * Level 4.4 Shapeshifting


You had 4 spell levels left.
You didn't know any spells.
Your spell library contained the following spells:

 Spells                   Type           Power      Damage    Failure   Level
 Poisonous Vapours        Pois/Air       0%         N/A       43%         2
 Mephitic Cloud           Conj/Pois/Air  0%         N/A       67%         3
 Freezing Cloud           Conj/Ice/Air   0%         6-21      100%        5


Dungeon Overview and Level Annotations

Branches:
Dungeon (3/15)

Altars:
Dithmenos
Uskayaw


Innate Abilities, Weirdness & Mutations

You are a hulking beast.
Your limbs bulge with bestial killing power. (Slay +2)
You cannot wear most types of armour.
You are amphibious.
You can wear up to eight rings at the same time.
Your skin changes colour to match your surroundings (Stealth+).
Your rubbery body absorbs attacks. (AC +1, EV +1)
((You are camouflaged when in or above water. (Stealth+)))
You have tentacles for arms and can constrict up to eight enemies at once.


Message History

The ice beast misses you.
You tentacle-slap the ice beast but do no damage.
You tentacle-slap the ice beast, but do no damage.
Your squeeze misses the ice beast.
The ice beast is lightly wounded.
The ice beast closely misses you.
You tentacle-slap the ice beast.
The ice beast is moderately wounded.
The ice beast barely misses you.
You completely miss the ice beast. You squeeze the ice beast!
The ice beast is heavily wounded.
The ice beast closely misses you.
You bludgeon the ice beast!
The ice beast is severely wounded.
The ice beast hits you. The ice beast freezes you!
You tentacle-slap the ice beast.
The ice beast is almost dead.
The ice beast closely misses you.
You tentacle-slap the ice beast.
The ice beast is almost dead.
The ice beast hits you. The ice beast freezes you!
* * * LOW HITPOINT WARNING * * *
You are too injured to fight recklessly!
You are too injured to fight recklessly!
You are too injured to fight recklessly!
You are too injured to fight recklessly!
You are too injured to fight recklessly!
You are too injured to fight recklessly!
An ice beast is nearby!
An ice beast is nearby!
You closely miss the ice beast.
You squeeze the ice beast, but do no damage.
The ice beast is almost dead.
Unknown command.
You barely miss the ice beast.
The ice beast is almost dead.
The ice beast hits you.
* * * LOW HITPOINT WARNING * * *
The ice beast freezes you!
You die...

#.###..........# #
#..............####
##.##..>...........
#...#...#####..####
##...##....##...#...
#8...8#..#.##...#.##
##...##..#..........
#...##.....#...#†##
#.h.##............#
#8.Y.8#.........#..#
##...##..##...>.#..)
#...##..##.........
#...##.........#...
8...8##............
#..:# ##########...
##⌠## ##.. ###


You could see an ice beast.

Vanquished Creatures
  A sleepcap (D:3)
  Jessica (D:3)
  2 adders
  4 gnolls
  2 worms
  2 dart slugs
  An orc (D:3)
  4 ball pythons
  6 endoplasms
  2 giant cockroaches (D:3)
  A goblin (D:2)
  3 hobgoblins
  A quokka (D:1)
  6 bats
  4 frilled lizards
  5 kobolds
  2 rats
47 creatures vanquished.

Notes
Turn   | Place    | Note
-------+----------+-------------------------------------------
     0 | D:1      | LeprechaunX the Octopode Shapeshifter began the quest for
                  | the Orb.
     0 | D:1      | Reached XP level 1. HP: 13/13 MP: 1/1
    68 | D:1      | Reached XP level 2. HP: 9/18 MP: 2/2
   545 | D:2      | Reached XP level 3. HP: 19/23 MP: 3/3
   802 | D:2      | Found a shadowy altar of Dithmenos.
  1463 | D:2      | Reached XP level 4. HP: 24/29 MP: 4/4
  1619 | D:3      | Reached skill level 4 in Shapeshifting
  1901 | D:3      | Found a hide-covered altar of Uskayaw.
  1907 | D:3      | Noticed a +0 dagger
  1908 | D:3      | Noticed a +0 dagger
  1957 | D:3      | Noticed Jessica
  1969 | D:3      | Reached XP level 5. HP: 15/35 MP: 5/5
  2055 | D:3      | Killed Jessica
  2095 | D:3      | Noticed an ice beast
  2108 | D:3      | Slain by an ice beast

Illustrated notes

Levels and vault maps discovered:
D:1:      eino_arrival_water_star, layout_rooms
D:2:      wad_woods_pond, layout_basic, basic_altar, minmay_domino_4
D:3:      layout_loops_ring, dancing_weapons_uskayaw,
          corexii_hall_statues_deadend, uniq_jessica

Skill      XL: |  1  2  3  4 |
---------------+-------------+-----
Fighting       | 2 |  2.6
Shapeshifting  | 4 |  4.4
Dodging        | |  2.0
Unarmed Combat | |  3.9

Action                     |  1- 3 |  4- 6 || total
---------------------------+-------+-------++-------
  Melee: Unarmed           |    61 |    41 ||   102
         Constrict         |    19 |    11 ||    30
         Tentacles         |    13 |    13 ||    26
         Punch             |     1 |     3 ||     4
   Stab: Sleeping          |     5 |       ||     5
 Armour: Skin              |    25 |    14 ||    39
  Dodge: Dodged            |    32 |    27 ||    59

Table legend: (Time is in decaauts)
 A = Elapsed time spent in this place.
 B = Non-inter-level travel time spent in this place.
 C = Inter-level travel time spent in this place.
 D = Time resting spent in this place.
 E = Time spent auto-exploring this place.
 F = Levels seen in this place.
 G = Mean time per level.
                   A        B        C        D        E       F      G
               +--------+--------+--------+--------+--------+-----+--------+
         Total |   2101 |   2058 |     43 |    171 |   1585 |   3 |  700.3 |
       Dungeon |   2101 |   2058 |     43 |    171 |   1585 |   3 |  700.3 |
               +--------+--------+--------+--------+--------+-----+--------+

Top non-repeatable levels by time:
     D:2: 1046 daAuts
     D:1: 536 daAuts
     D:3: 518 daAuts
